 Dungeon Crawl Stone Soup version 0.22-a0-395-gfed312b (webtiles) character file.

1 4thArraOfDagon the Magician (level 1, -1/13 HPs)
             Began as a Mummy Fire Elementalist on May 3, 2018.
             Slain by an adder (3 damage)
             ... on level 3 of the Dungeon.
             The game lasted 00:00:41 (110 turns).

4thArraOfDagon the Magician (MuFE)                   Turns: 110, Time: 00:00:42

Health: -1/13      AC:  2    Str: 11    XL:     1   Next: 16%
Magic:  0/4        EV: 12    Int: 14    God:
Gold:   5          SH:  0    Dex: 12    Spells: 4/5 levels left

rFire    x . .     SeeInvis .   (no weapon)
rCold    + . .     Gourm    .   (no shield)
rNeg     + + +     Faith    .   a - +0 robe
rPois    ∞         Spirit   .   (no helmet)
rElec    .         Reflect  .   (no cloak)
rCorr    .         Harm     .   (no gloves)
MR       .....                  (no boots)
Stlth    ++........             (no amulet)
HPRegen  0.04/turn              (no ring)
MPRegen  0.09/turn              (no ring)

@: very slightly contaminated
A: no food or potions, fire vulnerability, cold resistance 1, negative energy
resistance 3, torment resistance, unbreathing
a: no special abilities


You were on level 3 of the Dungeon.
You were not hungry.

You visited 1 branch of the dungeon, and saw 3 of its levels.

You collected 5 gold pieces.

Inventory:

Armour
 a - a +0 robe (worn)
Scrolls
 b - a scroll of blinking {unknown}
 c - a scroll of identify {unknown}
 d - a scroll of enchant armour {unknown}


   Skills:
 - Level 1.5 Dodging
 - Level 1.5 Stealth
 + Level 2.7 Spellcasting
 * Level 0.8 Conjurations
 * Level 2.4 Fire Magic


You had 4 spell levels left.
You knew the following spells:

 Your Spells              Type           Power        Failure   Level  Hunger
a - Flame Tongue          Conj/Fire      #....        12%         1    N/A

Dungeon Overview and Level Annotations

Branches:
Dungeon (3/15)

Altars:


Innate Abilities, Weirdness & Mutations

You do not eat or drink.
Your flesh is vulnerable to fire.
You are immune to poison.
Your flesh is cold resistant. (rC+)
You are immune to negative energy. (rN+++)
You are immune to unholy pain and torment.
You can survive without breathing.


Message History

The bat barely misses you. The adder bites you but does no damage.
You barely miss the bat. The bat completely misses you. The adder bites you.
Unknown command.
The bat hits you but does no damage.
Unknown command.
The bat hits you but does no damage.
Unknown command.
The bat hits you but does no damage. The adder bites you.
* * * LOW HITPOINT WARNING * * *
Unknown command.
The bat closely misses you.
Unknown command.
Casting: Flame Tongue (safe; 12% risk of failure)
Confirm with . or Enter, or press ? or * to list all spells.
Aiming: Flame Tongue (safe; 12% risk of failure)
Press: ? - help, Shift-Dir - straight line, f/p - adder
Aim: an adder (heavily wounded)
The flame tongue misses the adder.
The bat barely misses you. The adder bites you.
You die...

..###...#.# ..#.......#
....#.#.#.# .........#
#.#.#.#.# #.......#
###.#.#.#.###
.............@S...#
###..........b#####.#
..............# #.#
#............# #.#
##............# #.#
..............# #.#
.#............# #.#
.......<......#####.#######
.#...............##.......#


You could see an adder and a bat.

Vanquished Creatures
  A jackal (D:3)
1 creature vanquished.

Notes
Turn   | Place    | Note
-------+----------+-------------------------------------------
     0 | D:1      | 4thArraOfDagon the Mummy Fire Elementalist began the quest for the Orb.
     0 | D:1      | Reached XP level 1. HP: 13/13 MP: 4/4
   110 | D:3      | Slain by an adder

Vault maps used:
D:1:      lemuel_arrival_river_bridge, minmay_rat_gold_closets
D:2:      elyvilon_altar_3, minmay_misc_feat_ornament
D:3:      nicolae_qazlal_style_of_elements, serial_glass, glass_columns_c,
          glass_columns_b, first_ration, uniq_jessica

Action                   || total
-------------------------++-------
Melee: Unarmed           ||     1
 Cast: Flame Tongue      ||     5
Armor: Robe              ||     7
Dodge: Dodged            ||    24

Table legend:
 A = Spawn XP
 B = Non-spawn XP
 C = Spawn XP percentage of total XP
 D = Spawn monster count
 E = Non-spawn monster count
 F = Spawn count percentage of total count
 G = Total turns spent on level
                    A         B        C        D         E        F      G
               +---------+---------+-------+---------+---------+-------+---------
         Total |       0 |       2 |   0.0 |       0 |       1 |   0.0 |   110
               +---------+---------+-------+---------+---------+-------+---------
           D:3 |       0 |       2 |   0.0 |       0 |       1 |   0.0 |    65
               +---------+---------+-------+---------+---------+-------+---------
